 Dungeon Sprint DCSS version 0.29.0-7-g18a832c13a (webtiles) character file.

Game seed: 13969620638835523199

25 CalmDownMonkey the Sneak (level 2, 13/19 HPs)
             Began as a Spriggan Enchanter on Aug 26, 2022.
             Quit the game in the Dungeon (Sprint I: "Red Sonja") on Aug 30, 2022.
             The game lasted 00:01:29 (8 turns).

CalmDownMonkey the Sneak (Spriggan Enchanter)          Turns: 8, Time: 00:01:29

Health: 13/19      AC:  2    Str:  4    XL:     2   Next: 82%
Magic:  5/7        EV: 18    Int: 16    God:
Gold:   0          SH:  0    Dex: 15    Spells: 8/8 levels left

rFire   . . .      SeeInvis +   a - +1 dagger
rCold   . . .      Faith    .   (no shield)
rNeg    . . .      Spirit   .   b - +0 robe
rPois   .          Reflect  .   (helmet restricted)
rElec   .          Harm     .   (no cloak)
rCorr   .          Rampage  .   (gloves unavailable)
Will    .....      NoTele   +   (boots unavailable)
Stlth   ..........              (no amulet)
HPRegen 0.06/turn               (no ring)
MPRegen 0.10/turn               (no ring)

@: berserking, very quick
A: very small, no large weapons, unfitting armour, see invisible, speed 3
a: no special abilities


You were in the Dungeon.
You visited 1 branch

Inventory:

Hand Weapons
 a - a +1 dagger (weapon)
Armour
 b - a +0 robe (worn)
Scrolls
 i - a scroll of blinking
Potions
 c - 2 potions of invisibility
 d - a potion of curing
 e - a potion of heal wounds
 f - a potion of haste
 g - 2 potions of magic


   Skills:
 + Level 1.4 Short Blades
 + Level 3.5 Dodging
 + Level 6.7 Stealth
 + Level 3.7 Spellcasting
 + Level 5.6 Hexes


You had 8 spell levels left.
You didn't know any spells.
Your spell library contained the following spells:

 Spells                   Type           Power      Damage    Failure   Level
 Confusing Touch          Hex            21%        N/A       4%          3
 Tukima's Dance           Hex            21%        N/A       4%          3
 Ensorcelled Hibernation  Hex/Ice        24%        N/A       9%          2
 Dazzling Flash           Conj/Hex       24%        N/A       16%         3


Dungeon Overview and Level Annotations

Branches:
Dungeon (1/1)

Altars:


Innate Abilities, Weirdness & Mutations

You are very small and have problems with some larger weapons.
You are too small for most types of armour.
You have supernaturally acute eyesight. (SInv)
You cover ground extremely quickly. (Speed+++)


Message History

Welcome, CalmDownMonkey the Spriggan Enchanter.
Press ? for a list of commands and other information.
Found a staircase leading out of the dungeon.
You open the door.
Ijyb the Twisted Goblin comes into view.
She is wielding a +0 club and carrying a wand of paralysis (2).
There is an open door here.
The helpless Ijyb fails to defend herself.
You puncture Ijyb!
Ijyb is severely wounded.
Ijyb zaps a wand.
You resist with significant effort.
A red film seems to cover your vision as you go berserk!
You feel yourself moving faster!
You feel mighty! Ijyb hits you with a +0 club.
You hit Ijyb.
Ijyb is severely wounded.
You puncture Ijyb!
You kill Ijyb!
Your Dodging skill increases to level 3!
Your Stealth skill gained 2 levels and is now at level 6!
Your Spellcasting skill increases to level 3!
Your Hexes skill gained 2 levels and is now at level 5!
You have reached level 2!
Welcome back, CalmDownMonkey the Spriggan Enchanter.
Press ? for a list of commands and other information.
Welcome back, CalmDownMonkey the Spriggan Enchanter.
Press ? for a list of commands and other information.
Are you sure you want to abandon this character and quit the game? (Confirm with "yes".)

#######
#<.#.[+
#..'@.#
#..####
#..#
#..#
#..#
#⌠⌠#
####


There were no monsters in sight!

Vanquished Creatures
  Ijyb (D)
1 creature vanquished.

Notes
Turn   | Place    | Note
-------+----------+-------------------------------------------
     0 | D        | CalmDownMonkey the Spriggan Enchanter began the quest for
                  | the Orb.
     0 | D        | Reached XP level 1. HP: 9/9 MP: 5/5
     1 | D        | Noticed Ijyb
     7 | D        | Killed Ijyb
     8 | D        | Reached skill level 6 in Stealth
     8 | D        | Reached skill level 5 in Hexes
     8 | D        | Reached XP level 2. HP: 13/13 MP: 5/7
     8 | D        | Upgraded the game from 0.29.0-4-gdea44cf6ec to
                  | 0.29.0-7-g18a832c13a
     8 | D        | Quit the game

Illustrated notes

Levels and vault maps discovered:
D:        dungeon_sprint_1 [red_sonja_temple_1, red_sonja_temple_small_1]

Skill      XL: |  1 |
---------------+----+-----
Dodging        | 3 |  3.5
Stealth        | 6 |  6.7
Spellcasting   | 3 |  3.7
Hexes          | 5 |  5.6
Short Blades   | |  1.4

Action                   || total
-------------------------++-------
Melee: Dagger            ||     3
  Use: Potion            ||     1
 Stab: Sleeping          ||     1
